 Dungeon Crawl Stone Soup version 0.28.0-43-g3370ac3207 (webtiles) character file.

Game seed: 2169285171903826176

137 tizbic2 the Skirmisher (level 5, 0/55 HPs)
             Began as an Ogre Gladiator on Mar 12, 2022.
             Slain by a gnoll
             ... wielding a +0 halberd
              (19 damage)
             ... on level 4 of the Dungeon.
             The game lasted 00:10:01 (2891 turns).

tizbic2 the Skirmisher (Ogre Gladiator)             Turns: 2891, Time: 00:10:01

Health: 0/55       AC:  3    Str: 20    XL:     5   Next: 20%
Magic:  5/5        EV: 10    Int:  9    God:
Gold:   150        SH:  0    Dex: 10    Spells: 4/4 levels left

rFire   . . .      SeeInvis .   b - +3 flail
rCold   . . .      Faith    .   (no shield)
rNeg    . . .      Spirit   .   h - +0 robe
rPois   .          Reflect  .   c - +0 hat
rElec   .          Harm     .   (no cloak)
rCorr   .          Rampage  .   (gloves unavailable)
Will    .....                   (boots unavailable)
Stlth   +.........              (no amulet)
HPRegen 0.18/turn               (no ring)
MPRegen 0.09/turn               (no ring)

@: no status effects
A: large, unfitting armour, tough skin 1
a: no special abilities


You were on level 4 of the Dungeon.
You visited 1 branch of the dungeon, and saw 4 of its levels.

You collected 150 gold pieces.

Inventory:

Hand Weapons
 b - a +3 flail (weapon)
Missiles
 d - 3 throwing nets
 f - 75 stones (quivered)
Armour
 c - a +0 hat (worn)
 h - a +0 robe (worn)
Scrolls
 e - a scroll of enchant armour
 j - a scroll of vulnerability {unknown}
 k - a scroll of holy word {unknown}
 n - 2 scrolls of teleportation
Potions
 a - a potion of might
 g - a potion of attraction {unknown}
 i - a potion of mutation {unknown}
 l - a potion of brilliance {unknown}
 m - a potion of curing
 o - a potion of resistance {unknown}


   Skills:
 * Level 4.5 Fighting
 - Level 3.0 Long Blades
 + Level 0.6 Maces & Flails
 * Level 3.2 Throwing
 + Level 3.2 Dodging
 + Level 0.9 Invocations


You had 4 spell levels left.
You didn't know any spells.
Your spell library contained the following spells:

 Spells                   Type           Power      Damage    Failure   Level
 Sandblast                Erth           0%         2d4       38%         1
 Passwall                 Tmut/Erth      0%         N/A       52%         2
 Stone Arrow              Conj/Erth      0%         3d7       77%         3


Dungeon Overview and Level Annotations

Branches:
Dungeon (4/15)
 Temple: D:4-7

Altars:


Innate Abilities, Weirdness & Mutations

You are too large for most types of armour.
You have tough skin. (AC +1)


Message History

The kobold is severely wounded.
The kobold barely misses you.
The kobold hits you with a +0 short sword.
You hit the kobold but do no damage.
The kobold is severely wounded.
The kobold closely misses you.
You hit the kobold.
You kill the kobold!
You thump the endoplasm!
You kill the endoplasm!
You sock the dart slug!
You kill the dart slug!
f - 75 stones (gained 3)
Things that are here:
a +0 short sword; a dart slug corpse; a kobold corpse
f - 76 stones (gained 1)
f - 77 stones (gained 1)
A gnoll comes into view. It is wielding a +0 halberd.
You throw a stone. The stone barely misses the gnoll.
You throw a stone. The stone hits the gnoll.
The gnoll is lightly wounded.
The gnoll drinks a potion.
The gnoll seems to grow stronger.
A gnoll comes into view.
It is wielding a +0 whip and quivering poisoned darts.
The gnoll shouts!
You hear a shout! x2
The gnoll hits you with a +0 halberd!
The gnoll moves out of view.
You hear a shout!
You see here a stone.
You closely miss the gnoll.
The gnoll is lightly wounded.
The gnoll hits you with a +0 halberd!!
A gnoll comes into view. It is wielding a +0 mace.
The gnoll closely misses you.
The gnoll throws a poisoned dart.
The poisoned dart hits you!
You are poisoned.
You feel very sick.
You feel sick.
You feel sick.
You feel better.
The gnoll hits you from afar with a +0 halberd!!
You die...

.### ... #................ #
.(.. ... #...........#...#
..##.. ..###................
#...((######..................#
#....(.........................
....(.((.....##.........#......
.....<.((gg..).................
.......(.....##.>.......#......
.....((.....g.@..≈≈≈.####.....#
........(........≈)≈###########
................#≈.≈...##
.................≈.≈....##
#........................#
#########................#
#.............<..#
#................#
#................#


You could see 3 gnolls.

Vanquished Creatures
  A jelly (D:4)
  A centaur skeleton (D:4)
  An adder (D:2)
  A worm (D:3)
  3 dart slugs
  An orc (D:3)
  3 ball pythons
  9 endoplasms
  A giant cockroach (D:1)
  6 hobgoblins
  3 jackals (D:3)
  A quokka (D:4)
  5 bats
  A frilled lizard (D:3)
  7 goblins
  9 kobolds
  7 rats
60 creatures vanquished.

Notes
Turn   | Place    | Note
-------+----------+-------------------------------------------
     0 | D:1      | tizbic2 the Ogre Gladiator began the quest for the Orb.
     0 | D:1      | Reached XP level 1. HP: 22/22 MP: 1/1
   232 | D:1      | Reached skill level 3 in Fighting
   251 | D:1      | Reached XP level 2. HP: 23/31 MP: 2/2
   794 | D:1      | Reached XP level 3. HP: 33/37 MP: 3/3
  2386 | D:3      | Reached XP level 4. HP: 44/48 MP: 4/4
  2569 | D:3      | Reached skill level 4 in Fighting
  2841 | D:4      | Reached XP level 5. HP: 55/55 MP: 5/5
  2891 | D:4      | Slain by a gnoll

Illustrated notes

Levels and vault maps discovered:
D:1:      lightli_arrival_boilingwater, layout_basic
D:2:      layout_basic
D:3:      layout_rooms
D:4:      layout_rooms, serial_glass, glass_columns_b, glass_columns_a,
          chequers_serial_rivers_micro_d, amcnicky_mini_corridor_feature,
          kennysheep_generic_room_16

Skill      XL: |  1  2  3  4 |
---------------+-------------+-----
Fighting       | 3 4 |  4.5
Long Blades    | 3 |  3.0
Dodging        | 3 |  3.2
Throwing       | 3 |  3.2
Maces & Flails | |  0.6
Invocations    | |  0.9

Action                   |  1- 3 |  4- 6 || total
-------------------------+-------+-------++-------
Melee: Long sword        |   117 |       ||   117
       Flail             |       |    36 ||    36
Throw: Stone             |    43 |    42 ||    85
  Use: Scroll            |     3 |     2 ||     5
       Potion            |     1 |     1 ||     2
Armor: Robe              |    39 |    15 ||    54
Dodge: Dodged            |    67 |    21 ||    88
